 Dungeon Crawl Stone Soup version 0.25.0-26-g0c896c7088 (webtiles) character file.

Game seed: 12772148563807084407

(classic levelgen) 11327 EnegeticOcto the Cleaver (level 11, -8/108 HPs)
             Began as a Deep Dwarf Fighter on July 2, 2020.
             Was a Priest of Makhleb.
             Killed from afar by an orc sorcerer (28 damage)
             ... with a bolt of fire
             ... on level 1 of the Orcish Mines.
             The game lasted 00:17:13 (2890 turns).

EnegeticOcto the Cleaver (Deep Dwarf Fighter)       Turns: 2890, Time: 00:17:13

Health: -8/108     AC: 18    Str: 23    XL:     11   Next: 47%
Magic:  3/3        EV:  4    Int:  9    God:    Makhleb [***...]
Gold:   463        SH: 14    Dex: 12    Spells: 8/10 levels left

rFire    . . .     SeeInvis .   x - +0 broad axe
rCold    . . .     Gourm    .   c - +0 kite shield
rNeg     . . .     Faith    .   l - +0 plate armour
rPois    +         Spirit   .   t - +0 helmet
rElec    .         Reflect  +   n - +1 cloak
rCorr    .         Harm     .   (no gloves)
MR       +....                  (no boots)
Stlth    ..........             h - amulet of reflection
HPRegen  0.00/turn              q - +4 ring of protection
MPRegen  0.08/turn              w - ring of poison resistance

@: non-regenerating
A: damage resistance, heal wounds, sense surroundings 2, no regeneration
a: Heal Wounds, Minor Destruction, Lesser Servant of Makhleb, Renounce Religion


You were on level 1 of the Orcish Mines.
You worshipped Makhleb.
Makhleb was most pleased with you.
You were not hungry.

You visited 3 branches of the dungeon, and saw 12 of its levels.

You collected 463 gold pieces.

Inventory:

Hand Weapons
 a - a +1 war axe
 x - a +0 broad axe (weapon)
Missiles
 f - 5 curare-tipped darts (quivered)
 u - 7 silver boomerangs
Armour
 b - a +0 scale mail
 c - a +0 kite shield (worn)
 g - a +0 chain mail
 l - a +0 plate armour (worn)
 n - a +1 cloak (worn)
 t - a +0 helmet (worn)
Jewellery
 h - an amulet of reflection (around neck)
 q - a +4 ring of protection (left hand)
 v - an uncursed ring of ice
 w - a ring of poison resistance (right hand)
Wands
 y - a wand of flame (10) {@v4}
 B - a wand of digging (7) {@v3}
Scrolls
 i - a scroll of remove curse {@r2}
 m - 6 scrolls of teleportation {@r3 !r}
 o - 3 scrolls of identify {@r1}
 p - a scroll of amnesia
Potions
 d - 3 potions of might {@q3 !q}
 j - a potion of stabbing {unknown}
 k - 2 potions of lignification {unknown}
 r - 2 potions of brilliance {unknown}
 s - 2 potions of curing {unknown}
 z - a potion of flight {unknown}
 A - 2 potions of haste {@q4 !q}
Comestibles
 e - 3 rations


   Skills:
 - Level 10.1 Fighting
 + Level 14.9 Axes
 + Level 3.2 Armour
 + Level 3.2 Shields
 - Level 6.0 Invocations
 + Level 0.0 Evocations


You had 8 spell levels left.
You knew the following spells:

 Your Spells              Type           Power        Failure   Level  Hunger
p - Passwall              Tmut/Erth      #.......     100%        2    ###....

Your spell library contained the following spells:

 Spells                   Type           Power        Failure   Level  Hunger
 Sandblast                Erth           #.....       100%        1    ##.....
 Stone Arrow              Conj/Erth      #.....       100%        3    ####...
 Petrify                  Tmut/Erth      #.......     100%        4    #####..
 Lee's Rapid Deconstruct  Erth           #.........   100%        5    ######.


Dungeon Overview and Level Annotations

Branches:
Dungeon (10/15)            Temple (1/1) D:6            Lair (0/6) D:10
    Orc (1/2) D:10

Altars:
Dithmenos
Fedhas
Makhleb
Nemelex Xobeh
Okawaru
Ru
Sif Muna
Trog
Uskayaw
Wu Jian
Xom
Zin
The Shining One

Shops:
D:6 (   Orc:1 %


Innate Abilities, Weirdness & Mutations

You are resistant to damage.
You can heal yourself by infusing magical energy.
You passively map the area around you.
You do not regenerate.


Message History

You hit the orc warrior.
The orc warrior is severely wounded.
You hit the orc knight but do no damage.
You closely miss the troll.
The orc warrior hits you with a +0 broad axe.
The orc knight hits you with a +0 great mace!
Your shield and plate armour prevent you from hitting the orc warrior.
The orc warrior is severely wounded.
You closely miss the orc knight. You hit the troll but do no damage.
The orc warrior no longer looks unusually strong.
The troll barely misses you. x2; The troll claws you but does no damage.
The orc no longer looks unusually strong.
The orc knight roars a battlecry!
The orcs go into a battle-frenzy!
You slice the orc warrior!!
You kill the orc warrior!
Makhleb accepts your kill.
You feel better.
You hit the troll. You block the troll's attack. The troll claws you.
The troll claws you but does no damage.
You hit the orc.
You kill the orc!
Makhleb accepts your kill.
You feel better.
You slice the troll!!
The orc knight is no longer moving slowly.
The troll bites you but does no damage. The troll claws you.
You block the troll's attack.
You closely miss the orc knight.
The orc knight is almost dead.
You slash the troll!
You hit the orc knight but do no damage.
The orc knight is almost dead.
You hit the troll.
The orc knight hits you with a +0 great mace!
* * * LOW HITPOINT WARNING * * *
The troll bites you!
* * * LOW HITPOINT WARNING * * *
The troll claws you but does no damage. You block the troll's attack.
You feel much better.
The orc knight hits you with a +0 great mace!
The troll bites you but does no damage.
The troll claws you but does no damage. x2
Your plate armour prevents you from hitting the orc knight.
The orc knight is almost dead.
You slash the troll!
You kill the troll!
Makhleb accepts your kill.
Your Fighting skill increases to level 10!
The orc knight hits you but does no damage.
You slash the orc knight!
You kill the orc knight!
Makhleb accepts your kill.
You feel better.
You now have 463 gold pieces (gained 35).
Things that are here:
a +0 great mace; a +0 chain mail; an orc corpse
Things that are here:
a +0 broad axe; a +0 plate armour
x - a +0 broad axe An orc sorcerer comes into view.
It is wielding a +0 dagger.
x - a +0 broad axe (weapon)
The orc sorcerer shouts!
Setting a skill training target for Axes at 18.0.
The orc sorcerer gestures at you while chanting.
The bolt of fire hits you!!
* * * LOW HITPOINT WARNING * * *
There is an escape hatch in the floor, spattered with blood here.
You slash the orc sorcerer!
The orc sorcerer is heavily wounded.
You block the orc sorcerer's attack.
Throwing (i - inventory. (/) - cycle)
f - 6 curare-tipped darts (quivered)
Press: ? - help, Shift-Dir - straight line, f - orc sorcerer
Aim: an orc sorcerer, wielding a +0 dagger and wearing a +2 robe (heavily wounded)
You throw a curare-tipped dart.
The curare-tipped dart hits the orc sorcerer.
The orc sorcerer is poisoned.
The orc sorcerer convulses.
The orc sorcerer seems to slow down.
The orc sorcerer is severely wounded.
You barely miss the orc sorcerer.
The orc sorcerer is severely wounded.
You block the orc sorcerer's attack.
You closely miss the orc sorcerer.
The orc sorcerer is severely wounded.
The orc sorcerer hits you but does no damage.
You hit the orc sorcerer but do no damage.
The orc sorcerer is almost dead.
Your shield prevents you from hitting the orc sorcerer.
The orc sorcerer is almost dead.
The orc sorcerer hits you but does no damage.
You hit the orc sorcerer but do no damage.
The orc sorcerer is almost dead.
You hit the orc sorcerer but do no damage.
The orc sorcerer is almost dead.
The orc sorcerer gestures at you while chanting.
The bolt of fire hits you!!
* * * LOW HITPOINT WARNING * * *
You feel much better.
Your plate armour prevents you from hitting the orc sorcerer.
The orc sorcerer is almost dead.
The orc sorcerer gestures at you while chanting.
The bolt of fire hits you!!
You die...

, , ,
,..............<>)..... ,
,,,
....................... *
.........)............. ,
*,#......................
, ,
##.#..................#.
*,
...........#.....##.....
,,
.......>..))†....##.#...
,
..........[...#.........
,, #.....o@......##.....
, * * *##....)......##
..... ,, * #.....).....#
..##.,, *
**#.............# .# *, *
* ,.......(........,, * ,
,,......#.....#.∩.#* ,
,.#...#........... *
,..............#..,,
..............# ,


You could see an orc sorcerer (poisoned, slow).

Vanquished Creatures
  2 two-headed ogres
  3 death yaks (D:10)
  An unseen horror (D:10)
  2 orc knights (Orc:1)
  2 orc sorcerers (Orc:1)
  2 trolls
  A hippogriff (D:7)
  Eustachio (D:4)
  A hungry ghost (D:9)
  3 wargs (Orc:1)
  2 porcupines (D:10)
  A water moccasin (D:9)
  3 sky beasts
  A necrophage (D:10)
  6 orc warriors
  An ice beast (D:10)
  A phantom (D:9)
  5 ogres
  2 centaurs
  2 big kobolds
  A crocodile (D:7)
  2 gnoll sergeants
  4 bullfrogs
  5 scorpions
  14 killer bees
  3 wights (D:10)
  3 electric eels (D:10)
  5 hounds
  4 orc priests
  A bullfrog zombie (D:10)
  2 iguanas (D:9)
  4 worker ants
  8 orc wizards
  2 hell rats (D:10)
  2 hound skeletons
  13 gnolls
  11 adders
  A river rat (D:10)
  A shadow imp (D:9)
  An ooze (D:4)
  2 adder skeletons
  A dart slug (D:2)
  A worm (D:3)
  3 leopard geckos
  20 orcs
  3 bats
  2 giant cockroaches
  3 goblins (D:2)
  7 hobgoblins
  3 jackals
  3 frilled lizards (D:2)
  A jackal skeleton (D:8)
  19 kobolds
  A quokka skeleton (D:5)
  2 quokka zombies
  8 rats
208 creatures vanquished.

Vanquished Creatures (others)
  An orc (D:10)
1 creature vanquished.

Grand Total: 209 creatures vanquished

Notes
Turn   | Place    | Note
-------+----------+-------------------------------------------
     0 | D:1      | EnegeticOcto the Deep Dwarf Fighter began the quest for the
                  | Orb.
     0 | D:1      | Reached XP level 1. HP: 20/20 MP: 1/1
    73 | D:1      | Reached skill level 3 in Axes
    73 | D:1      | Reached XP level 2. HP: 24/27 MP: 2/2
   148 | D:2      | Reached skill level 4 in Axes
   148 | D:2      | Reached XP level 3. HP: 26/33 MP: 3/3
   293 | D:2      | Reached XP level 4. HP: 27/40 MP: 4/4
   300 | D:2      | Found a bloodstained altar of Trog.
   315 | D:2      | Reached skill level 5 in Axes
   330 | D:2      | Your magical essence is drained by the effort!
   333 | D:2      | Reached XP level 5. HP: 38/46 MP: 4/4
   513 | D:3      | Reached skill level 6 in Axes
   602 | D:4      | Noticed Eustachio
   734 | D:4      | Killed Eustachio
   734 | D:4      | Reached skill level 7 in Axes
   734 | D:4      | Reached XP level 6. HP: 33/55 MP: 5/5
   800 | D:5      | Entered Level 5 of the Dungeon
   807 | D:5      | Noticed a sky beast
   833 | D:5      | Killed a sky beast
   833 | D:5      | Reached skill level 8 in Axes
   891 | D:5      | Reached XP level 7. HP: 51/61 MP: 6/6
   941 | D:4      | Found an ornate altar of the Wu Jian Council.
   989 | D:5      | Found a blossoming altar of Fedhas.
  1019 | D:5      | Found an iron altar of Okawaru.
  1037 | D:5      | Reached skill level 9 in Axes
  1079 | D:5      | Learned a level 2 spell: Passwall
  1123 | D:6      | Found a glowing silver altar of Zin.
  1149 | D:6      | Found a sparkling altar of Nemelex Xobeh.
  1426 | D:6      | Found Metaylal's Weapon Shoppe.
  1437 | D:6      | Reached skill level 10 in Axes
  1446 | D:6      | Found a staircase to the Ecumenical Temple.
  1457 | Temple   | Entered the Ecumenical Temple
  1467 | Temple   | Became a worshipper of Makhleb the Destroyer
  1492 | D:7      | Noticed a hippogriff
  1497 | D:7      | Killed a hippogriff
  1497 | D:7      | Reached skill level 2 in Invocations
  1497 | D:7      | Reached XP level 8. HP: 55/68 MP: 6/8
  1498 | D:7      | Reached skill level 3 in Invocations
  1527 | D:7      | Reached skill level 4 in Invocations
  1567 | D:7      | Your magical essence is drained by the effort!
  1626 | D:7      | Reached skill level 3 in Fighting
  1626 | D:7      | Reached skill level 5 in Invocations
  1638 | D:7      | Your magical essence is drained by the effort!
  1767 | D:7      | Reached skill level 11 in Axes
  1914 | D:8      | Reached skill level 6 in Invocations
  1934 | D:8      | Reached * piety under Makhleb
  1951 | D:8      | Gained mutation: You passively map the area around you.
                  | [Deep Dwarf growth]
  1951 | D:8      | Reached XP level 9. HP: 41/78 MP: 10/10
  1972 | D:8      | Reached skill level 4 in Fighting
  1987 | D:9      | Noticed a two-headed ogre
  1998 | D:9      | Killed a two-headed ogre
  1998 | D:9      | Reached skill level 5 in Fighting
  2023 | D:9      | Reached skill level 12 in Axes
  2093 | D:9      | Reached skill level 6 in Fighting
  2109 | D:9      | Your magical essence is drained by the effort!
  2152 | D:9      | Found a shimmering blue altar of Sif Muna.
  2200 | D:10     | Entered Level 10 of the Dungeon
  2200 | D:10     | Found a staircase to the Lair.
  2200 | D:10     | Noticed a death yak
  2200 | D:10     | Noticed a death yak
  2241 | D:10     | Noticed a two-headed ogre
  2245 | D:10     | Your magical essence is drained by the effort!
  2256 | D:10     | Killed a two-headed ogre
  2256 | D:10     | Reached ** piety under Makhleb
  2256 | D:10     | Reached skill level 7 in Fighting
  2256 | D:10     | Reached XP level 10. HP: 66/94 MP: 9/9
  2348 | D:10     | Reached skill level 13 in Axes
  2511 | D:10     | Your magical essence is drained by the effort!
  2538 | D:10     | Noticed a death yak
  2571 | D:10     | Your magical essence is drained by the effort!
  2573 | D:10     | Your magical essence is drained by the effort!
  2577 | D:10     | Killed a death yak
  2577 | D:10     | Reached skill level 8 in Fighting
  2582 | D:10     | Killed a death yak
  2597 | D:10     | Killed a death yak
  2597 | D:10     | Reached skill level 14 in Axes
  2632 | D:10     | Reached skill level 9 in Fighting
  2642 | D:10     | Reached *** piety under Makhleb
  2662 | D:10     | Killed an unseen horror
  2662 | D:10     | Reached XP level 11. HP: 60/106 MP: 7/7
  2724 | D:10     | Found a staircase to the Orcish Mines.
  2728 | D:10     | Your magical essence is drained by the effort!
  2736 | Orc:1    | Entered Level 1 of the Orcish Mines
  2736 | Orc:1    | Noticed an orc sorcerer
  2740 | Orc:1    | Noticed an orc knight
  2751 | Orc:1    | Killed an orc sorcerer
  2778 | Orc:1    | Killed an orc knight
  2816 | Orc:1    | Noticed an orc sorcerer
  2826 | Orc:1    | Killed an orc sorcerer
  2842 | Orc:1    | Found Daom Fun's Food Shoppe.
  2844 | Orc:1    | Noticed an orc knight
  2853 | Orc:1    | Your magical essence is drained by the effort!
  2858 | Orc:1    | Your magical essence is drained by the effort!
  2861 | Orc:1    | Your magical essence is drained by the effort!
  2871 | Orc:1    | Reached skill level 10 in Fighting
  2872 | Orc:1    | Killed an orc knight
  2876 | Orc:1    | Noticed an orc sorcerer
  2888 | Orc:1    | HP: 2/108 [orc sorcerer/bolt of fire (27)]
  2890 | Orc:1    | Killed from afar by an orc sorcerer

Illustrated notes

Levels and vault maps discovered:
D:1:      dpeg_arrival_round_b, layout_rooms
D:2:      layout_basic, bloody_trog, minmay_split_cup_large
D:3:      minmay_chambers_of_twos, layout_loops_ring, minmay_misc_feat_iff,
          nicolae_dithmenos_shadow_blocks
D:4:      layout_layer_cave, nicolae_overflow_crystal_walls, serial_shops,
          nicolae_shop_statue_plus, grunt_gozag_breadcrumbs, uniq_eustachio
D:5:      layout_rooms, lemuel_doored_altar, tgw_fedhas, first_ration
D:6:      layout_basic, kennysheep_mini, old_standard_altar,
          minmay_temple_entry_butterflies, gammafunk_ghost_cemetery,
          serial_shops, shop
D:7:      layout_basic, grunt_livestock
D:8:      layout_loops_corners, serial_shops, nicolae_shop_trees
D:9:      layout_small_grid, old_standard_altar
D:10:     layout_basic, dpeg_lair_monsters, orc_0_dummy
Temple:   eino_wide_crystal_templ
Orc:1:    layout_caves, basic_altar, serial_shops, nicolae_shop_stone

Skill      XL: |  1  2  3  4  5  6  7  8  9 10 11 |
---------------+----------------------------------+-----
Axes           | 3 4 5 7 8 10 11 12 14 | 14.9
Invocations    | 2 6 |  6.0
Fighting       | 3 7 9 10 | 10.1
Armour         | |  3.2
Shields        | |  3.2

Action                   |  1- 3 |  4- 6 |  7- 9 | 10-12 || total
-------------------------+-------+-------+-------+-------++-------
Melee: War axe           |    61 |   213 |   372 |   226 ||   872
       Broad axe         |       |       |       |     8 ||     8
Throw: Dart              |       |       |       |     6 ||     6
 Abil: Heal Wounds       |       |     3 |    12 |    20 ||    35
Evoke: Wand              |       |       |       |     7 ||     7
  Use: Scroll            |       |       |     1 |     8 ||     9
       Potion            |       |       |     1 |     2 ||     3
  Eat: Ration            |       |     1 |     5 |       ||     6
Armor: Scale mail        |    41 |   149 |   211 |    58 ||   459
       Chain mail        |       |       |       |    44 ||    44
       Plate armour      |       |       |       |    15 ||    15
Dodge: Dodged            |    37 |    71 |    95 |    50 ||   253
Block: Kite shield       |    91 |   227 |   328 |   212 ||   858
       Reflection        |     2 |     1 |    17 |     4 ||    24
